 Seeded DCSS version 0.30-a0-913-g9934a0ce24 (webtiles) character file.

Game seed: 7871530129010298245 (custom seed)

27 a11behringer the Shield-Bearer (level 3, -10/29 HPs)
             Began as a Formicid Fighter on Mar 19, 2023.
             Killed by divine providence
             ... invoked by an orc priest
              (12 damage)
             ... on level 2 of the Dungeon.
             The game lasted 00:02:37 (972 turns).

a11behringer the Shield-Bearer (Formicid Fighter)    Turns: 972, Time: 00:02:37

Health: -10/29     AC:  8    Str: 22    XL:     3   Next: 25%
Magic:  3/3        EV:  9    Int:  7    God:
Gold:   31         SH:  5    Dex: 13    Spells: 2/2 levels left

rFire   . . .      SeeInvis +    n - +0 morningstar
rCold   . . .      Faith    .    c - +0 buckler
rNeg    . . .      Spirit   .    b - +0 scale mail
rPois   .          Reflect  .    (helmet unavailable)
rElec   .          Rampage  .    (no cloak)
rCorr   .                        (no gloves)
Will    .....                    m - +0 pair of boots Stlth
                                 (no amulet)
HPRegen 0.24/turn                (no ring)
MPRegen 0.08/turn                (no ring)

@: no status effects
A: permanent stasis, dig shafts and tunnels, antennae 3, four strong arms
a: Dig, Shaft Self


You were on level 2 of the Dungeon.
You visited 1 branch of the dungeon, and saw 2 of its levels.

You collected 31 gold pieces.

Inventory:

Hand Weapons
 a - a +0 flail
 n - a +0 morningstar (weapon)
Missiles
 e - 8 poisoned darts
Armour
 b - a +0 scale mail (worn)
 c - a +0 buckler (worn)
 m - a +0 pair of boots (worn)
Scrolls
 f - 5 scrolls of identify {unknown}
 g - 2 scrolls of enchant weapon {unknown}
 j - 2 scrolls of enchant armour {unknown}
 l - a scroll of magic mapping {unknown}
 o - a scroll of immolation {unknown}
Potions
 d - a potion of might
 h - 5 potions of curing {unknown}
 i - 2 potions of lignification {unknown}
 k - a potion of berserk rage {unknown}
 p - a potion of invisibility {unknown}


   Skills:
 + Level 3.5 Fighting
 * Level 2.6 Maces & Flails
 + Level 3.5 Armour
 + Level 4.3 Shields


You had 2 spell levels left.
You didn't know any spells.
Your spell library contained the following spells:

 Spells                   Type           Power      Damage    Failure   Level
 Manifold Assault         Tloc           0%         N/A       100%        4
 Storm Form               Tmut/Air       0%         N/A       100%        7
 Blink                    Tloc           Unusable   N/A       N/A         2

Dungeon Overview and Level Annotations

Branches:
Dungeon (2/15)

Altars:
Hepliaklqana


Innate Abilities, Weirdness & Mutations

You cannot be hasted, slowed, berserked, paralysed or teleported.
You can dig through walls and to a lower floor.
You have a pair of large antennae on your head. (SInv)
Your four strong arms can wield two-handed weapons with a shield.


Message History

The orc hits you but does no damage. The orc priest closely misses you.
The orc hits you but does no damage. The orc hits you with a +0 flail!
The orc priest invokes the aid of Beogh against you.
Beogh smites you! The orc attacks as you move away!
The orc hits you with a +0 hand axe.
* * * LOW HITPOINT WARNING * * *
The orc attacks as you move away! You block the orc's attack.
The orc attacks as you move away! The orc hits you with a +0 dagger.
* * * LOW HITPOINT WARNING * * *
The orc priest attacks as you move away!
The orc priest hits you but does no damage.
The orc attacks as you move away! The orc barely misses you.
You completely miss the orc.
The orc is almost dead.
The orc closely misses you.
You closely miss the orc.
The orc is almost dead.
The orc hits you but does no damage.
You closely miss the orc.
The orc is almost dead.
The orc barely misses you. The orc closely misses you.
You puncture the orc!
You kill the orc!
You hit the orc.
The orc is almost dead.
The orc barely misses you. The orc hits you with a +0 hand axe.
* * * LOW HITPOINT WARNING * * *
You hit the orc but do no damage.
The orc is almost dead.
The orc hits you with a +0 hand axe.
* * * LOW HITPOINT WARNING * * *
You hit the orc.
You kill the orc!
You puncture the orc!
You kill the orc!
The orc misses you. The orc completely misses you.
The orc priest invokes the aid of Beogh against you.
Beogh smites you!
You die...

#.######## ... #........#
#.# ###..8...8..##.#
#............#.#
#...........⌠#..
#........... #.# .##
#.#..8...8.. #..
.....#####.#........###..
........@oo..#########..#
###.########...........##
#............###.#
#.#####.####.# #.# #.#
#.# #.# #.# #.# #.## #.#
#.# #... #.# #.# #... ...
..# #.##


You could see an orc priest and an orc.

Vanquished Creatures
  3 orcs (D:2)
  2 giant cockroaches (D:1)
  3 goblins (D:1)
  2 hobgoblins (D:1)
  2 quokkas
  A ball python (D:2)
  2 bats
  4 kobolds
  3 rats
22 creatures vanquished.

Notes
Turn   | Place    | Note
-------+----------+-------------------------------------------
     0 | D:1      | a11behringer the Formicid Fighter began the quest for the
                  | Orb.
     0 | D:1      | Reached XP level 1. HP: 18/18 MP: 1/1
   209 | D:1      | Reached XP level 2. HP: 21/24 MP: 2/2
   871 | D:2      | Found a hazy altar of Hepliaklqana.
   919 | D:2      | Reached XP level 3. HP: 29/29 MP: 3/3
   969 | D:2      | HP: 1/29 [orc/+0 hand axe (5)]
   972 | D:2      | Killed from afar by an orc priest

Illustrated notes

Levels and vault maps discovered:
D:1:      sevenhm_arrival_forest_fort_small_3, layout_basic
D:2:      cheibrodos_pilgrimage, layout_loops_ring, basic_altar,
          chequers_serial_rivers_room_b, minmay_pentomino_w4

Action                     || total
---------------------------++-------
  Melee: Flail             ||    26
         Morningstar       ||    47
 Armour: Scale mail        ||    43
  Dodge: Dodged            ||    36
  Block: Buckler           ||    21

Table legend: (Time is in decaauts)
 A = Elapsed time spent in this place.
 B = Non-inter-level travel time spent in this place.
 C = Inter-level travel time spent in this place.
 D = Time resting spent in this place.
 E = Time spent auto-exploring this place.
 F = Levels seen in this place.
 G = Mean time per level.
                   A        B        C        D        E       F      G
               +--------+--------+--------+--------+--------+-----+--------+
         Total |    999 |    940 |     59 |      0 |    734 |   2 |  499.5 |
       Dungeon |    999 |    940 |     59 |      0 |    734 |   2 |  499.5 |
               +--------+--------+--------+--------+--------+-----+--------+

Top non-repeatable levels by time:
     D:1: 753 daAuts
     D:2: 246 daAuts
